 Dungeon Crawl Stone Soup version 0.14-a0-1378-gf8e6a88 (webtiles) character file.

2256 PolkaDot the Conjurer (level 8, -1/52 HPs)
             Began as a Vampire Conjurer on Dec 8, 2013.
             Slain by a killer bee (4 damage)
             ... on Level 6 of the Dungeon.
             The game lasted 00:30:53 (6331 turns).

PolkaDot the Conjurer (Vampire Conjurer)            Turns: 6331, Time: 00:30:53

HP  -1/52        AC  3     Str  7      XL: 8   Next: 99%
MP   1/14        EV 12     Int 24      God:
Gold 306         SH 10     Dex 14      Spells:  3 memorised,  5 levels left

rFire  + . .     SeeInvis +     j - +4,+1 elf cutlass
rCold  + . .     Clarity  .     u - +0 elf robe
rNeg   + . .     Conserve +     t - +0 buckler
rPois  +         rCorr    .     (no helmet)
rElec  +         rRot     .     f - +0 cloak
SustAb . .       Spirit   .     (no gloves)
rMut   .         Warding  .     (no boots)
Saprov . . .     Stasis   .     v - cursed amulet of conservation
                                (no ring)
                                g - ring of wizardry

@: brilliant, somewhat resistant to hostile enchantments, stealthy
A: bottle blood, fangs 3, see invisible, unbreathing
a: Bat Form, Bottle Blood


You were on level 6 of the Dungeon.
You were not thirsty.

You visited 1 branch of the dungeon, and saw 6 of its levels.

You collected 306 gold pieces.

Inventory:

Hand weapons
 j - a +4,+1 elven cutlass (weapon)
Armour
 f - a +0 cloak (worn)
 t - a +0 buckler (worn)
 u - a +0 elven robe (worn)
Magical devices
 k - a wand of slowing (8)
 m - a wand of confusion (15) {unknown}
Scrolls
 e - 2 scrolls of fog
 i - a scroll of teleportation {unknown}
 q - a scroll of remove curse {unknown}
Jewellery
 a - an uncursed ring of ice
 g - a ring of wizardry (left hand)
 l - an uncursed ring of fire
 v - a cursed amulet of conservation (around neck)
Potions
 d - a potion of resistance
 h - 2 potions of brilliance
 n - a potion of magic
 o - 2 potions of speed {unknown}
 p - 2 potions of restore abilities {unknown}
 s - a potion of berserk rage {unknown}
Books
 c - a book of Conjurations

   Spells                             Type                      Level
   *Magic Dart                        Conjuration                  1
   *Searing Ray                       Conjuration                  2
   Dazzling Spray                     Conjuration/Hexes            3
   *Iskenderun's Mystic Blast         Conjuration                  4
   Iskenderun's Battlesphere          Conjuration/Charms           4
   Fulminant Prism                    Conjuration/Hexes            5
 r - a book of Burglary

   Spells                             Type                      Level
   Apportation                        Translocation                1
   Swiftness                          Charms/Air                   2
   Passwall                           Transmutation/Earth          3
   Passage of Golubria                Translocation                4
   Lee's Rapid Deconstruction         Earth                        5
   Darkness                           Hexes                        7


   Skills:
 - Level 2.1 Dodging
 - Level 3.0 Stealth
 + Level 4.2 Shields
 - Level 2.9 Spellcasting
 * Level 8.5 Conjurations


You had 5 spell levels left.
You knew the following spells:

 Your Spells              Type           Power        Failure   Level  Hunger
a - Magic Dart            Conj           ####         1%          1    None
d - Iskenderun's Mystic   Conj           ######..     1%          4    ####...
s - Searing Ray           Conj           ######       1%          2    ##.....


Dungeon Overview and Level Annotations

Branches:
Dungeon (6/16)
 Temple: D:4-7

Altars:
Ashenzari
Elyvilon
Fedhas
Xom
Yredelemnul


Innate Abilities, Weirdness & Mutations

You can bottle blood from corpses.
You have razor-sharp teeth.*
You have supernaturally acute eyesight.
You can survive without breathing.*


Message History

The killer bee stings you.
* * * LOW HITPOINT WARNING * * *
You miss the killer bee. Your bite misses the killer bee.
The killer bee is almost dead.
The killer bee stings you but does no damage.
You block the killer bee's attack.
You hit the killer bee.
The killer bee is almost dead.
The killer bee closely misses you. The killer bee misses you.
The killer bee barely misses you.
You barely miss the killer bee.
The killer bee is almost dead.
The killer bee stings you!
* * * LOW HITPOINT WARNING * * *
The killer bee stings you.
* * * LOW HITPOINT WARNING * * *
You miss the killer bee.
The killer bee is almost dead.
The killer bee stings you.
You die...

.##_#⌠#8###.#.............#
.############.....).......#
..........................#
....)(..........(.........
..........................
..........................
.........................
(.......<......k.........
#...............@........
#########################


You could see a killer bee.

Vanquished Creatures
  Edmund (D:4)
  A necrophage (D:6)
  An orc warrior (D:6)
  An ice beast (D:5)
  2 ogres
  A black bear (D:6)
  A water moccasin (D:6)
  Duvessa (D:4)
  A giant frog (D:6)
  4 killer bees (D:6)
  Dowan (D:4)
  2 goliath beetles (D:6)
  A scorpion (D:6)
  3 crimson imps
  Crazy Yiuf (D:2)
  An orc priest (D:6)
  2 iguanas
  8 worker ants
  4 orc wizards
  Jessica (D:2)
  A crocodile skeleton (D:6)
  10 adders
  A giant mite (D:3)
  3 worms
  An adder skeleton (D:4)
  A giant eyeball (D:4)
  5 giant geckos
  An ooze (D:2)
  6 orcs
  3 giant cockroaches
  10 goblins
  12 hobgoblins
  8 jackals
  6 quokkas
  3 ball pythons
  11 bats
  6 giant newts
  A goblin skeleton (D:4)
  A hobgoblin skeleton (D:6)
  14 kobolds
  A kobold skeleton (D:4)
  3 orc skeletons
  12 rats
  A fungus (D:2)
159 creatures vanquished.

Notes
Turn   | Place    | Note
--------------------------------------------------------------
     0 | D:1      | PolkaDot, the Vampire Conjurer, began the quest for the Orb.
     0 | D:1      | Reached XP level 1. HP: 13/13 MP: 3/3
   328 | D:1      | Reached XP level 2. HP: 19/19 MP: 4/4
   779 | D:2      | Noticed Jessica
   783 | D:2      | Learned a level 2 spell: Searing Ray
   786 | D:2      | Killed Jessica
   786 | D:2      | Reached XP level 3. HP: 20/24 MP: 1/6
  1058 | D:2      | Reached XP level 4. HP: 16/30 MP: 4/8
  1118 | D:2      | Reached skill level 4 in Conjurations
  1339 | D:2      | Learned a level 4 spell: Iskenderun's Mystic Blast
  1655 | D:2      | Paralysed by a potion of paralysis for 4 turns
  1661 | D:2      | Noticed Crazy Yiuf
  1666 | D:2      | Killed Crazy Yiuf
  1666 | D:2      | Reached XP level 5. HP: 35/35 MP: 6/10
  1772 | D:3      | Found a shimmering altar of Xom.
  2421 | D:3      | Reached skill level 5 in Conjurations
  2661 | D:4      | Reached XP level 6. HP: 24/41 MP: 6/11
  2792 | D:4      | Found a shattered altar of Ashenzari.
  2915 | D:4      | Noticed Duvessa
  2915 | D:4      | Noticed Dowan
  2916 | D:4      | Paralysed by a giant eyeball for 3 turns
  2930 | D:4      | Killed Duvessa
  2933 | D:4      | Killed Dowan
  2973 | D:4      | Paralysed by a giant eyeball for 3 turns
  3287 | D:4      | Noticed Edmund
  3332 | D:4      | HP: 1/41 [Edmund/dire flail (8)]
  3366 | D:4      | Killed Edmund
  3366 | D:4      | Reached skill level 6 in Conjurations
  3366 | D:4      | Reached XP level 7. HP: 14/46 MP: 3/13
  3605 | D:4      | Noticed an ogre
  3615 | D:4      | Killed an ogre
  3957 | D:5      | Entered Level 5 of the Dungeon
  4020 | D:5      | Reached skill level 1 in Shields
  4228 | D:5      | Reached skill level 7 in Conjurations
  4540 | D:5      | Found a blossoming altar of Fedhas.
  4768 | D:6      | Reached XP level 8. HP: 52/52 MP: 7/14
  4840 | D:6      | Found a white marble altar of Elyvilon.
  4846 | D:6      | Found a basalt altar of Yredelemnul.
  5063 | D:6      | Somebody: You know you're doing something right as a Necromancer when the first time you notice you have killed Saint Roka and raised him as your minion is when a charmed ancient champion hits him by accident.
  5063 | D:6      | Somebody: Immolation is *good*.
  5063 | D:6      | PolkaDot: xD
  5063 | D:6      | PolkaDot: Nice
  5063 | D:6      | Somebody: I am doing fine at Vaults:2.
  5063 | D:6      | PolkaDot: Sweet :D
  5079 | D:6      | Somebody: cMut have been... less than optimal, but at least I've kept Evolution.
  5079 | D:6      | PolkaDot: is good
  5079 | D:6      | PolkaDot: also, normal feet, so you won't lose your boots if you mut again
  5079 | D:6      | PolkaDot: and you're not about to lose any more potential armour
  5079 | D:6      | PolkaDot: twisted body is horrific :(
  5079 | D:6      | Somebody: Yes, but I can't stop myself from thinking what I would have had if I didn't blunder into that trap or at least stashed some Vuln.
  5079 | D:6      | Somebody: I'd have had +2 Int by now. :(
  5079 | D:6      | PolkaDot: or -2 INT :p
  5079 | D:6      | Somebody: Right.
  5079 | D:6      | PolkaDot: or wild magic, or horns, or "less energetic"
  5079 | D:6      | PolkaDot: Mutation is risky roullette
  5181 | D:6      | Somebody: I think I'll postpone drinking my three potions of Mut as an act of protest.
  5181 | D:6      | PolkaDot: How come you mut so much?
  5181 | D:6      | PolkaDot: :)
  5210 | D:6      | Somebody: Evolution.
  5220 | D:6      | Somebody: I'll be back later.
  5243 | D:6      | PolkaDot: 'kay
  5243 | D:6      | PolkaDot: lol
  5559 | D:6      | Reached skill level 8 in Conjurations
  6331 | D:6      | Slain by a killer bee

Action                   |  1- 3 |  4- 6 |  7- 9 || total
-------------------------+-------+-------+-------++-------
Melee: Short sword       |    68 |   130 |       ||   198
       Unarmed           |     1 |       |       ||     1
       Cutlass           |       |    11 |   113 ||   124
 Cast: Magic Dart        |    15 |    13 |     3 ||    31
       Searing Ray       |     4 |    22 |    35 ||    61
       Iskenderun's Myst |       |       |    10 ||    10
Evoke: Wand              |       |       |     1 ||     1
  Use: Potion            |     1 |     5 |     4 ||    10
       Scroll            |       |     1 |    10 ||    11
 Stab: Sleeping          |     1 |     5 |     1 ||     7
       Distracted        |       |       |     1 ||     1
